 Seeded DCSS version 0.31.0-32-g396128a36d (webtiles) character file.

Game seed: 16386573391803395365 (custom seed)

601 bronco the Grave Robber (level 7, -1/46 HPs)
             Began as a Mummy Necromancer on Mar 30, 2024.
             Slain by a troll (17 damage)
             ... on level 5 of the Dungeon.
             The game lasted 00:09:24 (3449 turns).

bronco the Grave Robber (Mummy Necromancer)         Turns: 3449, Time: 00:09:24

Health: -1/46      AC:  3    Str: 11    XL:     7   Next: 18%
Magic:  10/16      EV: 11    Int: 16    God:
Gold:   244        SH:  5    Dex: 13    Spells: 10/18 levels left

rFire   x . .        i - +7 sceptre of Torment {pain, torment}
rCold   + . .        (no shield)
rNeg    + + +        d - +0 leather armour
rPois   ∞            j - +0 hat
rElec   .            (no cloak)
rCorr   .            (no gloves)
SInv    .            (no boots)
Will    .....        o - amulet of reflection
Stlth   ++           (no ring)
HPRegen 0.27/turn    (no ring)
MPRegen 0.15/turn

%: reflection, faith
@: animating dead, studying Throwing
A: cold resistance 1, negative energy resistance 3, torment resistance 2, heat
vulnerability 1, in touch with death 1, no potions, faith
a: no special abilities


You were on level 5 of the Dungeon.
You visited 1 branch of the dungeon, and saw 5 of its levels.

You collected 244 gold pieces.

Inventory:

Hand Weapons
 e - a +0 sling
 i - the +7 sceptre of Torment (weapon) {pain, torment}
   (You found it on level 2 of the Dungeon)
Missiles
 r - 6 atropa-tipped darts
Armour
 a - a +0 robe
 c - a +0 scale mail
 d - a +0 leather armour (worn)
 j - a +0 hat (worn)
Magical Staves
 l - a staff of fire
Jewellery
 o - an amulet of reflection (around neck)
 s - a ring of fire
Scrolls
 b - a scroll of poison
 f - 3 scrolls of identify
 g - 2 scrolls of amnesia
 h - 4 scrolls of teleportation
 m - a scroll of blinking
 n - a scroll of revelation
 p - a scroll of fog
 q - a scroll of enchant armour {unknown}


   Skills:
 - Level 1.5 Dodging
 - Level 1.5 Stealth
 + Level 6.1 Spellcasting
 - Level 7.4 Necromancy


You had 10 spell levels left.
You knew the following spells:

 Your Spells              Type           Power      Damage    Failure   Level
a - Necrotise             Necr           100%       1d9       1%          1
b - Vampiric Draining     Necr           43%        2d9       2%          3
c - Animate Dead          Necr           43%        N/A       9%          4

Your spell library contained the following spells:

 Spells                   Type           Power      Damage    Failure   Level
 Apportation              Tloc           8%         N/A       19%         1
 Curse of Agony           Necr           43%        N/A       24%         5
 Jinxbite                 Hex            8%         N/A       26%         2
 Alistair's Intoxication  Alch           2%         N/A       99%         5
 Summon Forest            Summ/Tloc      2%         N/A       99%         5
 Eringya's Noxious Bog    Alch           2%         4d6       100%        6
 Summon Hydra             Summ           2%         N/A       100%        7


Dungeon Overview and Level Annotations

Branches:
Dungeon (5/15)
 Temple: D:4-7

Altars:


Innate Abilities, Weirdness & Mutations

You are immune to poison.
Your flesh is cold resistant. (rC+)
You are immune to negative energy. (rN+++)
You are immune to unholy pain and torment.
You are vulnerable to heat. (rF-)
You are in touch with the powers of death.
You do not drink.
You have a special connection with the divine. (Faith)


Message History

Aim: a troll (moderately wounded, covered in acid, 71% to hit)
The bolt of acid hits the troll!
The troll seems to be corroded for longer.
The troll is heavily wounded.
Unknown command.
Found a cloak.
Casting: Necrotise (safe; 1% risk of failure)
Confirm with . or Enter, or press ? or * to list all spells.
You feel a surge of power!
You call upon the dead to rise.
Aiming: Corrosive Bolt
Press: ? - help, Q - select action, (/) - cycle Shift-Dir - straight line, f/p - troll
Aim: a troll (moderately wounded, covered in acid, 71% to hit)
The bolt of acid hits the troll!
The troll seems to be corroded for longer.
The troll is severely wounded.
The now-empty wand crumbles to dust.
The troll barely misses you. The troll claws you. The troll closely misses you.
Unknown command.
You barely miss the troll.
The troll is severely wounded.
You block the troll's attack. The troll barely misses you. The troll claws you!
The troll bites you. The troll claws you. x2
You closely miss the troll.
The troll is severely wounded.
The troll bites you. The troll claws you. The troll barely misses you.
The troll bites you.
* * * LOW HITPOINT WARNING * * *
The troll claws you.
* * * LOW HITPOINT WARNING * * *
The troll misses you.
Unknown command.
Unknown command.
Casting: Animate Dead (quite dangerous; 9% risk of failure)
Confirm with . or Enter, or press ? or * to list all spells.
Aiming: Vampiric Draining (dangerous; 2% risk of failure)
Press: ? - help, Shift-Dir - straight line, f/p - troll
Aim: a troll (severely wounded, covered in acid)
You feel a surge of power!
You draw life force from the troll!
You feel life coursing into your body! The troll bites you!
You die...

.......................# #.#
......##.#.............#####.#
.........#........##'#.......####
....##########.#####.######.†....
....# #...................# ....#
#..#####.#..###...#.# .####
#........#..# #...#.# .########
#.##.##### .# #...# # ........#
##@# .# #...# ....<..)#
.##.T......# ###.#
........#####.##........ #.#
..............##........
...............#.##....[
.........#<..# #.# .....
...........#.# #.# ....
........##.# # #.# ...#
........##.#


You could see a troll (corroded).

Vanquished Creatures
  Grinder (D:3)
  An ogre (D:4)
  A phantom (D:5)
  An orc priest (D:4)
  Terence (D:3)
  4 gnolls (D:4)
  3 adders
  A white imp (D:5)
  2 dart slugs
  5 ribbon worms
  3 orcs (D:4)
  8 endoplasms
  7 giant cockroaches
  5 goblins
  4 hobgoblins
  7 jackals
  4 quokkas
  3 ball pythons (D:2)
  7 bats
  5 frilled lizards
  7 kobolds
  5 rats
85 creatures vanquished.

Vanquished Creatures (collateral kills)
  A dart slug (D:1)
  A hobgoblin (D:1)
  A kobold (D:2)
  A ball python (D:1)
  2 frilled lizards (D:1)
6 creatures vanquished.

Grand Total: 91 creatures vanquished

Notes
Turn   | Place    | Note
-------+----------+-------------------------------------------
     0 | D:1      | bronco the Mummy Necromancer began the quest for the Orb.
     0 | D:1      | Reached XP level 1. HP: 13/13 MP: 4/4
   177 | D:1      | Reached XP level 2. HP: 19/19 MP: 2/5
   375 | D:1      | Reached skill level 5 in Necromancy
   471 | D:1      | Reached XP level 3. HP: 24/24 MP: 7/7
   480 | D:1      | Learned a level 3 spell: Vampiric Draining
   956 | D:2      | Found the +7 sceptre of Torment {pain, torment}
  1351 | D:2      | You fall into a shaft and drop 1 floor!
  1998 | D:3      | Reached XP level 4. HP: 30/30 MP: 8/8
  2044 | D:3      | Noticed Grinder
  2083 | D:3      | Paralysed by Grinder for 4 turns
  2142 | D:3      | Paralysed by Grinder for 3 turns
  2151 | D:3      | Killed Grinder
  2152 | D:3      | Reached skill level 7 in Necromancy
  2152 | D:3      | Reached XP level 5. HP: 27/35 MP: 9/9
  2152 | D:3      | Reached XP level 6. HP: 32/41 MP: 10/10
  2195 | D:3      | Learned a level 4 spell: Animate Dead
  2252 | D:3      | Noticed Terence
  2257 | D:3      | Killed Terence
  3019 | D:4      | Reached skill level 5 in Spellcasting
  3276 | D:5      | Entered Level 5 of the Dungeon
  3298 | D:5      | Reached XP level 7. HP: 29/46 MP: 15/15
  3439 | D:5      | Noticed a troll
  3449 | D:5      | Slain by a troll

Illustrated notes

Levels and vault maps discovered:
D:1:      eino_arrival_tree_alley, layout_rooms
D:2:      layout_basic, minmay_bisected
D:3:      layout_rooms, uniq_grinder, uniq_terence
D:4:      layout_basic
D:5:      layout_basic, minmay_misc_feat_plants, uniq_eustachio

Skill      XL: |  1  2  3  4  5  6  7 |
---------------+----------------------+-----
Necromancy     | 5 7 |  7.4
Spellcasting   | 5 6 |  6.1
Dodging        | |  1.5
Stealth        | |  1.5

Action                     |  1- 3 |  4- 6 |  7- 9 || total
---------------------------+-------+-------+-------++-------
  Melee: Unarmed           |     1 |       |       ||     1
         Eveningstar       |    36 |    62 |    10 ||   108
         Punch             |     1 |     1 |       ||     2
   Fire: Sling             |    55 |       |       ||    55
   Cast: Necrotise         |    39 |     8 |       ||    47
         Animate Dead      |       |     1 |     1 ||     2
         Vampiric Draining |       |       |     1 ||     1
  Evoke: Wand              |       |     5 |     3 ||     8
    Use: Scroll            |     6 |     2 |       ||     8
   Stab: Sleeping          |     1 |     1 |       ||     2
 Armour: Robe              |    29 |       |       ||    29
         Leather armour    |    28 |    41 |    16 ||    85
  Dodge: Dodged            |    58 |    24 |    10 ||    92
  Block: Other             |       |     7 |     2 ||     9
